 Dungeon Crawl Stone Soup version 0.26.0-10-g1f06aea511 (webtiles) character file.

Game seed: 10816064194711677496

171 inc the Vexing (level 5, -4/21 HPs)
             Began as a Felid Enchanter on Jan 30, 2021.
             Was a Follower of Uskayaw.
             Shot with an arrow by a centaur (7 damage)
             ... on level 5 of the Dungeon.
             The game lasted 00:04:46 (4206 turns).

inc the Vexing (Felid Enchanter)                    Turns: 4206, Time: 00:04:46

Health: -4/21      AC:  1    Str:  4    XL:     5   Next: 26%
Magic:  8/9        EV: 21    Int: 16    God:    Uskayaw [*.....]
Gold:   353        SH:  0    Dex: 18    Spells: 5/8 levels left
                                        Lives:  0   Deaths: 1

rFire    . . .     SeeInvis +     - Unarmed
rCold    . . .     Faith    .   (shield unavailable)
rNeg     . . .     Spirit   .   (armour unavailable)
rPois    .         Reflect  .   (helmet unavailable)
rElec    .         Harm     .   (cloak unavailable)
rCorr    .         Rampage  .   (gloves unavailable)
Will     .....                  (boots unavailable)
Stlth    +++.......             (no amulet)
HPRegen  0.07/turn              (no ring)
MPRegen  0.11/turn              (no ring)

@: quick
A: very small, no armour, no weapons or thrown items, stealth, claws 1, fangs 3,
see invisible, speed 1, shaggy fur 1, sharp paws
a: Renounce Religion, Stomp


You were on level 5 of the Dungeon.
You worshipped Uskayaw.
Uskayaw was noncommittal.
You visited 2 branches of the dungeon, and saw 6 of its levels.

You collected 353 gold pieces.

Inventory:

Wands
 n - a wand of paralysis (5)
Scrolls
 a - 2 scrolls of identify {unknown}
 b - 2 scrolls of fear {unknown}
 c - 3 scrolls of amnesia {unknown}
 f - 2 scrolls of enchant weapon {unknown}
 g - a scroll of noise {unknown}
 h - a scroll of enchant armour {unknown}
 k - a scroll of fog {unknown}
 l - a scroll of remove curse {unknown}
 m - a scroll of teleportation {unknown}
 p - 3 scrolls of immolation {unknown}
Potions
 d - a potion of haste {unknown}
 e - a potion of cancellation {unknown}
 i - a potion of flight {unknown}
 j - a potion of lignification {unknown}
 o - a potion of curing {unknown}


   Skills:
 + Level 5.4 Dodging
 - Level 4.0 Stealth
 - Level 3.1 Unarmed Combat
 - Level 2.0 Spellcasting
 - Level 5.4 Hexes
 - Level 1.7 Ice Magic


You had 5 spell levels left.
You knew the following spells:

 Your Spells              Type           Power        Failure   Level
a - Corona                Hex            21%          2%          1
b - Ensorcelled Hibernat  Hex/Ice        26%          7%          2

Your spell library contained the following spells:

 Spells                   Type           Power        Failure   Level
 Confusing Touch          Hex            19%          7%          3
 Tukima's Dance           Hex            19%          7%          3
 Dazzling Flash           Conj/Hex       20%          21%         3


Dungeon Overview and Level Annotations

Branches:
Dungeon (5/15)             Temple (1/1) D:4

Altars:
Ashenzari
Dithmenos
Elyvilon
Gozag
Hepliaklqana
Makhleb
Nemelex Xobeh
Qazlal
Ru
Sif Muna
Trog
Uskayaw
Vehumet
Wu Jian
Xom
Yredelemnul
Zin
The Shining One


Innate Abilities, Weirdness & Mutations

You cannot wear armour.
You are incapable of wielding weapons or throwing items.
Your paws allow you to move quietly. (Stealth)
You have sharp claws.
You have razor-sharp teeth.
You have supernaturally acute eyesight. (SInv)
You cover ground quickly.
You are covered in fur. (AC +1)
Your sharp claws are effective at attacking unaware monsters.


Message History

You mangle the iguana!!
You kill the iguana!
The centaur shoots an arrow.
The arrow misses you.
The orc throws a boomerang.
The boomerang misses you.
The weapon returns to the orc!
A worker ant comes into view.
Unknown command.
The orc throws a boomerang.
The boomerang completely misses you.
The weapon returns to the orc!
The centaur shoots an arrow.
The arrow misses you.
You see here an adder corpse.
The centaur shoots an arrow.
The arrow hits you!
Ouch! That really hurt!
* * * LOW HITPOINT WARNING * * *
You hear a shout!
You see here an arrow.
The centaur shoots an arrow.
The arrow barely misses you.
There is a stone staircase leading up here.
You see here an arrow.
The centaur shoots an arrow.
The arrow hits you!
You die...

....co.....##..
##.....o...>... ...
#....c.(.....# ...
......c.##..## ..# .
.........##..# #..#..
........†#..###.....#
........((...........
.....................
###.........)@.......
###......#.........
###....#.........
####......(....
..........#.
#.##...#### ########


You could see a centaur.

Vanquished Creatures
  An ogre (D:4)
  An iguana (D:5)
  6 adders
  3 oozes
  A worm (D:4)
  3 dart slugs
  3 leopard geckos
  2 ball pythons
  4 bats
  2 giant cockroaches
  2 goblins
  5 hobgoblins
  5 frilled lizards
  8 kobolds
  6 rats
52 creatures vanquished.

Vanquished Creatures (others)
  4 toadstools (D:4)
4 creatures vanquished.

Grand Total: 56 creatures vanquished

Notes
Turn   | Place    | Note
-------+----------+-------------------------------------------
     0 | D:1      | inc the Felid Enchanter began the quest for the Orb.
     0 | D:1      | Reached XP level 1. HP: 7/7 MP: 4/4
   291 | D:1      | Reached XP level 2. HP: 5/11 MP: 6/6
  1387 | D:1      | Reached XP level 3. HP: 14/14 MP: 7/7
  1573 | D:1      | Learned a level 2 spell: Ensorcelled Hibernation
  2114 | D:2      | Reached skill level 5 in Hexes
  2114 | D:2      | Reached skill level 1 in Ice Magic
  2180 | D:2      | Found a shimmering altar of Xom.
  2180 | D:2      | Found a shimmering altar of Xom.
  2180 | D:2      | Found a shimmering altar of Xom.
  2180 | D:2      | Found a shimmering altar of Xom.
  2181 | D:2      | Found a shimmering altar of Xom.
  2182 | D:2      | Found a shimmering altar of Xom.
  2217 | D:2      | Reached XP level 4. HP: 18/18 MP: 8/8
  3317 | D:4      | Found a staircase to the Ecumenical Temple.
  3344 | Temple   | Entered the Ecumenical Temple
  3369 | Temple   | Became a worshipper of Uskayaw the Reveller
  3700 | D:4      | Reached * piety under Uskayaw
  3722 | D:4      | Found a white marble altar of Elyvilon.
  3739 | D:4      | Found a stormy altar of Qazlal.
  3899 | D:4      | Noticed an ogre
  3903 | D:4      | Slain by an ogre
  3904 | D:4      | Reached XP level 3. HP: -4/14 MP: 6/7
  3981 | D:4      | Killed an ogre
  3982 | D:4      | Reached XP level 4. HP: 18/18 MP: 3/8
  3982 | D:4      | Reached XP level 5. HP: 21/21 MP: 3/9
  4153 | D:5      | Entered Level 5 of the Dungeon
  4162 | D:5      | Reached skill level 5 in Dodging
  4195 | D:5      | Noticed a centaur
  4196 | D:5      | Noticed a lemure
  4206 | D:5      | Shot with an arrow by a centaur

Illustrated notes

Levels and vault maps discovered:
D:1:      minmay_arrival_split_and_join, layout_basic
D:2:      layout_basic, xom_redecorated
D:3:      layout_loops_ring
D:4:      layout_basic, kennysheep_mini, kennysheep_mini_moat,
          minmay_temple_entry_arrows, hangedman_decor_diamond_cutter,
          minmay_gold_behind_fungi
D:5:      layout_cave_pools, lemuel_crystal_altar, amcnicky_altar_gilded,
          uniq_pikel
Temple:   regret_index_temple_sphere_string

Skill      XL: |  1  2  3  4  5 |
---------------+----------------+-----
Unarmed Combat | 2 3 |  3.1
Hexes          | 5 |  5.4
Ice Magic      | 1 |  1.7
Dodging        | 4 3 5 |  5.4
Stealth        | |  4.0
Spellcasting   | |  2.0

Action                   |  1- 3 |  4- 6 || total
-------------------------+-------+-------++-------
Melee: Unarmed           |    81 |    46 ||   127
       Bite              |     7 |     3 ||    10
       Punch             |       |     1 ||     1
 Cast: Corona            |     2 |       ||     2
       Ensorcelled Hiber |     9 |    13 ||    22
 Stab: Sleeping          |    18 |    13 ||    31
Armor: Skin              |     4 |       ||     4
Dodge: Dodged            |    59 |    35 ||    94
